[Event "MČR juniorů a juniorek v rapid šachu 2024"]
[Site "Hotel Fit Fun, Harrachov, Czech Republic"]
[Date "2024.09.21"]
[Round "3.34"]
[White "Zadrapova Gabriela"]
[Black "Jun Rostislav"]
[Result "0-1"]
[TimeControl "20+5"]
[WhiteFideId "23753056"]
[BlackFideId "23719524"]
[WhiteElo "1456"]
[BlackElo "1641"]

1. e4 c5 2. Nf3 Nc6 3. Bb5 e6 4.
O-O d6 5. d4 cxd4 6. Nxd4 Qc7 7. b3 a6 8. Be2 Nf6 9. Nd2 Nxd4 10. Bb2 Nxe2+ 11. Qxe2 Be7 12. c4 O-O 13. Rad1 b5 14. e5 dxe5 15. Bxe5 Qb6 16.
Qf3 Bb7 17. Qg3 Qc5 18. Rfe1 Rad8 19. Bf4 Nh5 20. Qg4 Nxf4 21. Qxf4 Bg5 22. Ne4 Bxe4 23. Qxe4 Rd6 24. Qe2 Rfd8 25.
h3 Rxd1 26. Rxd1 Rxd1+ 27. Qxd1 bxc4 28. bxc4 Qxc4 29. Kh2 Qf4+ 30.
Kg1 Qc1 31. Qxc1 Bxc1 0-1



[ePGN "0.1;DGT LiveChess/2.2.6"]

[Event "MČR juniorů a juniorek v rapid šachu 2024"]
[Site "Hotel Fit Fun, Harrachov, Czech Republic"]
[Date "2024.09.21"]
[Round "3.35"]
[White "Slivova Linda"]
[Black "Martinkovicova Nela"]
[Result "1-0"]
[TimeControl "20+5"]
[WhiteFideId "23709294"]
[BlackFideId "23715596"]
[WhiteElo "1630"]
[BlackElo "1446"]

1. d4 d5 2. Nf3 Nf6 3. Bf4 g6 4. e3 Bg7 5. Nbd2 O-O 6.
c4 Bg4 7. Qb3 b6 8. h3 Be6 9. Rc1 c5 10. Be2 Nc6 11. dxc5 bxc5 12. O-O Rb8 13. Bxb8 Nxb8 14. cxd5 Bxd5 15.
Bc4 Qd6 16. Bxd5 Nxd5 17. Rfd1 Nd7 18. Ne4 Qc6 19. Qxd5 Qxd5 20. Rxd5 Rd8 21. Rcd1 1-0



[ePGN "0.1;DGT LiveChess/2.2.6"]

[Event "MČR juniorů a juniorek v rapid šachu 2024"]
[Site "Hotel Fit Fun, Harrachov, Czech Republic"]
[Date "2024.09.21"]
[Round "3.36"]
[White "Kopecka Anna"]
[Black "Plzak David"]
[Result "1/2-1/2"]
[TimeControl "20+5"]
[WhiteFideId "23767740"]
[BlackFideId "23776234"]
[WhiteElo "1431"]
[BlackElo "1625"]

1. d4 d5 2. Nf3 Nf6 3.
e3 Bf5 4. Bd3 Bxd3 5. Qxd3 e6 6. Nbd2 c5 7. c3 Nc6 8. Qe2 Bd6 9. dxc5 Bxc5 10. e4 dxe4 11. Nxe4 Nxe4 12. Qxe4 h6 13.
Qa4 O-O 14. O-O Qf6 15. Qb5 Bb6 16. Re1 Rfd8 17. Be3 Bxe3 18. Rxe3 Rab8 19. Rae1 a6 20. Qe2 Rd7 21. Rd1 Rbd8 22.
Red3 1/2-1/2



[ePGN "0.1;DGT LiveChess/2.2.6"]

[Event "MČR juniorů a juniorek v rapid šachu 2024"]
[Site "Hotel Fit Fun, Harrachov, Czech Republic"]
[Date "2024.09.21"]
[Round "3.4"]
[White "Markina Sofiia"]
[Black "Vilimek Vit"]
[Result "1-0"]
[TimeControl "20+5"]
[WhiteFideId "23744014"]
[BlackFideId "23718218"]
[WhiteElo "1885"]
[BlackElo "2025"]

1. e4 c5 2. Nc3 Nc6 3. Bb5 e5 4. Nf3 Nf6 5. Bxc6 dxc6 6. Nxe5 Nxe4 7. Nxe4 Qd4 8. O-O Qxe5 9.
Re1 Be6 10. c3 O-O-O 11. d3 Qd5 12. Qa4 a6 13. Bf4 Be7 14. Qa5 Rd7 15. c4 Qf5 16. Be3 Rxd3 17. Bxc5 Bd8 18. Qa4 Bc7 19.
Ba7 Rhd8 20. Nc5 Rd2 21. Nxa6 Qa5 22. Qxa5 Bxa5 23. Nc5 Rxb2 24. Reb1 Rxb1+ 25. Rxb1 b6 26. Na4 Bxc4 27. Nxb6+ Bxb6 28. Bxb6 Rd2 29. a4 Ra2 30. a5 Bb5 31. Rd1 Ba4 32. Rd8+ Kb7 33. h3 Bb3 34. Rd7+ Ka6 35. Ra7+ Kb5 36. Ra8 Ra1+ 37. Kh2 Ra2 38. Kg3 Be6 39. Bc7 c5 40. Rb8+ Kc6 41. Bb6 c4 42. Bd4 Rxa5 43. Rb6+ Kc7 44. Rb4 g6 45. Bb6+ Kc6 46. Bxa5 c3 47. Rb6+ Kc5 48. Rxe6 1-0



[ePGN "0.1;DGT LiveChess/2.2.6"]

[Event "MČR juniorů a juniorek v rapid šachu 2024"]
[Site "Hotel Fit Fun, Harrachov, Czech Republic"]
[Date "2024.09.21"]
[Round "3.5"]
[White "Lihotsky Lukas"]
[Black "Hosova Sandra"]
[Result "1/2-1/2"]
[TimeControl "20+5"]
[WhiteFideId "23727004"]
[BlackFideId "397717"]
[WhiteElo "1975"]
[BlackElo "1847"]

1. d4 d5 2. c4 Nf6 3. cxd5 Nxd5 4. e4 Nf6 5. Nc3 Bg4 6. f3 Bc8 7. Be3 e6 8. Bd3 Be7 9. Nge2 Nbd7 10. O-O O-O 11. e5 Nd5 12.
Nxd5 exd5 13. Qc2 g6 14. Bh6 Re8 15. e6 Nf6 16. exf7+ Kxf7 17. Nf4 Rg8 18. Bg5 c6 19. Rae1 Bd7 20.
Re2 Qb6 21. Qc3 Bb4 22. Qb3 Qxd4+ 23. Kh1 Rae8 24. Rxe8 Rxe8 25. Ne2 Qb6 26. Qc2 Bd6 27. Nf4 Bxf4 28. Bxf4 c5 29. b3 Qb4 30. Bd2 Qb6 31. Bc3 Qd6 32.
f4 b5 33. Be5 Qc6 34. Bxf6 Kxf6 35. f5 g5 36. Rc1 c4 37. Qc3+ Re5 38. Bf1 Bxf5 39. Re1 Qd6 40. bxc4 bxc4 41.
Qd4 a6 42. Bxc4 Ke6 43. Rxe5+ Qxe5 44. Qxe5+ Kxe5 45. Bxa6 d4 46. Kg1 d3 47. Kf2 Kd4 48. a4 Kc3 49. a5 d2 50. Be2 Bd3 51. Bg4 Kb4 52. Ke3 Kc3 53.
g3 Kc2 54. h4 gxh4 55. gxh4 Ba6 56. Kf4 d1=Q 1/2-1/2



[ePGN "0.1;DGT LiveChess/2.2.6"]

[Event "MČR juniorů a juniorek v rapid šachu 2024"]
[Site "Hotel Fit Fun, Harrachov, Czech Republic"]
[Date "2024.09.21"]
[Round "3.6"]
[White "Mrazek Adam"]
[Black "Rousek Jan"]
[Result "1/2-1/2"]
[TimeControl "20+5"]
[WhiteFideId "23725010"]
[BlackFideId "386669"]
[WhiteElo "1830"]
[BlackElo "1958"]

1. c4 e5 2. g3 Nf6 3. Bg2 d5 4. cxd5 Nxd5 5. Nc3 Nb6 6. Nf3 Nc6 7. O-O Be7 8. d3 O-O 9. Be3 Be6 10.
Rc1 f5 11. Na4 Nxa4 12. Qxa4 Bf6 13. b4 Bd5 14. b5 Nd4 15. Nxd4 exd4 16. Bf4 Bxg2 17. Kxg2 Qd5+ 18. Kg1 Be5 19. Qc4 Qxc4 20. Rxc4 Bxf4 21. gxf4 Rfe8 22. Re1 a6 23.
a4 axb5 24. axb5 Ra5 25. Rb4 Kf7 26.
Kf1 Rd8 27. Rc1 Rd7 28. Kg2 Ke6 29.
Kf3 g6 30. Rcc4 b6 31. h4 Kf6 32.
Rc6+ Ke7 33. Rcc4 Ke6 34. Rc6+ Ke7 35. h5 Kf7 36.
hxg6+ hxg6 37. Rb1 Kg7 38.
Rg1 Rxb5 39. Rgxg6+ Kf7 40. Rh6 Kg7 41. Rhg6+ Kf7 42. Rgf6+ Kg7 43. Rg6+ Kf7 44. Rgf6+ Kg7 45. Rg6+ Kf7 46. Rgf6+ Kg7 47. Ke4 1/2-1/2



[ePGN "0.1;DGT LiveChess/2.2.6"]

[Event "MČR juniorů a juniorek v rapid šachu 2024"]
[Site "Hotel Fit Fun, Harrachov, Czech Republic"]
[Date "2024.09.21"]
[Round "3.7"]
[White "Jun Robert"]
[Black "Hozda Max"]
[Result "1-0"]
[TimeControl "20+5"]
[WhiteFideId "23709510"]
[BlackFideId "23725958"]
[WhiteElo "1681"]
[BlackElo "1939"]

1. e4 d5 2. exd5 Qxd5 3. Nc3 Qe5+ 4. Be2 Bg4 5. d4 Bxe2 6. Ngxe2 Qa5 7. O-O Nf6 8. Qd3 Nc6 9. a3 e6 10. Bf4 Bd6 11. Qg3 Nh5 12.
Qe3 Nxf4 13. Nxf4 O-O 14. Nfe2 Qh5 15. Ng3 Bxg3 16. fxg3 Rad8 17. Rad1 Rd7 18. Ne2 Rfd8 19. c3 Qb5 20. Rd2 Na5 21. Nf4 Nc4 22.
Qe2 Qc6 23. Rd3 e5 24. dxe5 Qc5+ 25. Kh1 Nxe5 26. Rxd7 Rxd7 27. Re1 f6 28. h3 Qc4 29. Qe3 b6 30. Qf2 a5 31. Nh5 Qc6 32.
Qc2 g6 33. Qb3+ Qc4 34. Qxc4+ Nxc4 35. Nxf6+ 1-0



[ePGN "0.1;DGT LiveChess/2.2.6"]

[Event "MČR juniorů a juniorek v rapid šachu 2024"]
[Site "Hotel Fit Fun, Harrachov, Czech Republic"]
[Date "2024.09.21"]
[Round "3.8"]
[White "Rybackova Lucie"]
[Black "Ret Adam Josef"]
[Result "1/2-1/2"]
[TimeControl "20+5"]
[WhiteFideId "23739207"]
[BlackFideId "384240"]
[WhiteElo "1933"]
[BlackElo "2038"]

1. d4 d5 2. Nf3 e6 3. g3 Nf6 4. Bg2 Be7 5. O-O O-O 6. c4 dxc4 7. Qc2 a6 8. a4 Bd7 9. Qxc4 Bc6 10. Bg5 Nbd7 11. Nbd2 h6 12.
Bxf6 Nxf6 13. Rfc1 Rc8 14. b4 Bd5 15. Qc3 Bc6 16. Qb2 Qe8 17. Ne5 Bxg2 18. Kxg2 Qd8 19. Ndf3 Qd5 20. Rab1 Rfd8 21.
Qb3 g5 22. h3 Qe4 23. Qc2 Qd5 24. b5 a5 25. Ng4 Kg7 26. Nge5 Ba3 27. Rd1 Bb4 28. Kh2 Ne4 29. Rf1 Nc3 30.
Rb3 Ne4 31. Nd3 Bd6 32. e3 f5 33. Nfe5 Nf6 1/2-1/2



[ePGN "0.1;DGT LiveChess/2.2.6"]

[Event "MČR juniorů a juniorek v rapid šachu 2024"]
[Site "Hotel Fit Fun, Harrachov, Czech Republic"]
[Date "2024.09.21"]
[Round "3.9"]
[White "Mikolas Petr"]
[Black "Pressler Tobias"]
[Result "1-0"]
[TimeControl "20+5"]
[WhiteFideId "23713224"]
[BlackFideId "23715359"]
[WhiteElo "1892"]
[BlackElo "1992"]

1. e4 c5 2. Nf3 Nc6 3. d4 cxd4 4. Nxd4 g6 5. c4 Bg7 6. Be3 Nf6 7. Nc3 Ng4 8. Qxg4 Nxd4 9. Qd1 Ne6 10. Be2 O-O 11. O-O b6 12. Qd2 Bb7 13.
Rfd1 d6 14. Rac1 Rc8 15. b3 Re8 16. Bg4 Qc7 17. Nd5 Qc6 18. f3 Rcd8 19. Bxe6 fxe6 20. Nb4 Qc8 21. Bd4 e5 22. Be3 h5 23.
Kh1 Kh7 24. a4 Rg8 25. Nd5 Qe6 26. a5 bxa5 27. Qxa5 Bxd5 28. cxd5 Qf6 29. Rc7 g5 30. Qd2 Bh6 31. Rxa7 Rg6 32. Rf1 Rdg8 33. Qe2 Bf8 34. g4 Rh6 35.
Kg2 Qg6 36. h3 Kh8 37. b4 Rh7 38.
Rh1 Qh6 39. Qe1 Rgg7 40. b5 hxg4 41. hxg4 Qg6 42. Rxh7+ Rxh7 43. Bg1 Qh6 44. Qg3 Qh1+ 45. Kf2 e6 46. b6 exd5 47. b7 1-0



[ePGN "0.1;DGT LiveChess/2.2.6"]

[Event "MČR juniorů a juniorek v rapid šachu 2024"]
[Site "Hotel Fit Fun, Harrachov, Czech Republic"]
[Date "2024.09.21"]
[Round "4.1"]
[White "Hak David"]
[Black "Skypala Ondrej"]
[Result "0-1"]
[TimeControl "20+5"]
[WhiteFideId "377007"]
[BlackFideId "366285"]
[WhiteElo "2103"]
[BlackElo "2033"]

1. d4 Nf6 2. c4 e6 3. Nc3 Bb4 4.
e3 c5 5. Nge2 O-O 6. a3 cxd4 7.
exd4 Be7 8. d5 d6 9. g3 e5 10. Bg2 Bf5 11. O-O Nbd7 12. b4 a5 13. Be3 Ng4 14. Bd2 axb4 15. axb4 Rxa1 16.
Qxa1 Bd3 17. Bh3 Ngf6 18. Qa2 Nb6 19.
Be3 Nxc4 20. Rd1 Nxe3 21. Rxd3 Neg4 22. Qa7 Qa8 23. Qb6 Qa6 24. Qxa6 bxa6 25. Na2 e4 26. Ra3 Ne5 27. Rxa6 Nxd5 28. Nd4 Rb8 29. Nf5 Bf8 30. Nxd6 Nc7 31. Ra5 Bxd6 32. Nc3 Nf3+ 33. Kg2 Bxb4 34. Ra7 Bxc3 35. Rxc7 Bf6 36. Bf5 Ne1+ 37. Kf1 Nf3 38. Kg2 g6 39. Bxe4 Ne5 40.
Bd5 Rd8 41. Bb3 Rd2 42. Kf1 Rd7 43. Rc8+ Kg7 44. Kg2 h5 45. h3 Rb7 46. Bd5 Rb5 47. Be4 Rb2 48. Kf1 Nd7 49. Rc7 Nb6 50. g4 h4 51. f4 Bd4 52. f5 g5 53. Rb7 Nc4 54.
Rxb2 Bxb2 55. Ke2 Ne5 56. Bg2 Bd4 57. Kd2 f6 58. Ke2 Kf8 59. Be4 Ke7 60. Kd2 Kd6 61. Ke2 Nd7 62. Bf3 Ke5 63. Kf1 Kf4 64. Kg2 Nc5 65.
Be2 Ne4 66. Bf1 Nc3 67. Bd3 Ke3 68. Bc4 Ne2 69. Bb5 Nf4+ 70. Kh2 Kf2 71. Bc6 Kf1 72. Bb5+ Ne2 73. Kh1 Kf2 74. Kh2 Ng1 75.
Bc6 Be5 76. Kh1 Nxh3 77. Bg2 Nf4 78. Be4 Kg3 0-1



[ePGN "0.1;DGT LiveChess/2.2.6"]

[Event "MČR juniorů a juniorek v rapid šachu 2024"]
[Site "Hotel Fit Fun, Harrachov, Czech Republic"]
[Date "2024.09.21"]
[Round "4.10"]
[White "Husa Daniel"]
[Black "Bezdek Tomas"]
[Result "0-1"]
[TimeControl "20+5"]
[WhiteFideId "393487"]
[BlackFideId "23733551"]
[WhiteElo "1866"]
[BlackElo "1973"]

1. d4 e6 2. c4 Nf6 3. Nf3 b6 4. g3 Ba6 5. Nbd2 Be7 6. Bg2 d5 7. O-O c6 8. b3 O-O 9. Bb2 Nbd7 10.
Qc2 Rc8 11. e4 c5 12. exd5 exd5 13. dxc5 Bxc5 14. Qf5 Re8 15. Rfe1 dxc4 16. Nxc4 Bxc4 17. bxc4 Qc7 18. Bh3 Qc6 19.
Rad1 Rxe1+ 20. Nxe1 Re8 21. Nf3 Re2 22. Bd4 g6 23. Qd3 Qe4 24. Qxe4 Rxe4 25. Bg2 Re2 26. Bxc5 Nxc5 27. Rd2 Re4 28.
Nd4 Re1+ 29. Bf1 Nfe4 30. Re2 Rc1 31. Re3 Nd2 32. Re8+ Kg7 33. Kg2 Nxf1 34. Nc6 Nd2 35.
Nxa7 Nxc4 36. Nb5 Rc2 0-1



[ePGN "0.1;DGT LiveChess/2.2.6"]

[Event "MČR juniorů a juniorek v rapid šachu 2024"]
[Site "Hotel Fit Fun, Harrachov, Czech Republic"]
[Date "2024.09.21"]
[Round "4.11"]
[White "Martinkovic Adam"]
[Black "Slaby Matej"]
[Result "0-1"]
[TimeControl "20+5"]
[WhiteFideId "23728019"]
[BlackFideId "23734876"]
[WhiteElo "1841"]
[BlackElo "1948"]

1. d4 Nf6 2. Nf3 e6 3. c4 Bb4+ 4. Bd2 Qe7 5. a3 Bxd2+ 6. Nbxd2 b6 7. g3 Bb7 8. Bg2 O-O 9. O-O c5 10.
e3 d6 11. b4 Nbd7 12. Rb1 Rfc8 13. Qe2 Rc7 14. Rfd1 Ne4 15. Nxe4 Bxe4 16. Rb2 cxb4 17. axb4 Rac8 18. Nd2 Bxg2 19.
Kxg2 Nf6 20. e4 e5 21. d5 a5 22. bxa5 bxa5 23. Ra1 Ra7 24. Rba2 Qc7 25. Ra3 g6 26. Qf3 Kg7 27. Qc3 Rca8 28.
Ra4 Nd7 29. Nb3 Nc5 30. Nxc5 Qxc5 31. f4 f6 32. Rb1 Qc7 33. Rb5 Rc8 34. Rbxa5 Rxa5 35. Qxa5 Qxa5 36. Rxa5 Rxc4 37. fxe5 dxe5 38.
Kf3 f5 39. exf5 gxf5 40. Ra7+ Kg6 41. d6 Rd4 42. d7 h5 43. h3 Rd3+ 44. Kf2 Kf6 45. Ke2 e4 46. g4 fxg4 47. hxg4 hxg4 48.
Kf2 Ke6 49. Ra4 Kf5 50. Ra7 g3+ 51. Kf1 Kf4 52. Ke2 g2 53. d8=Q g1=N+ 54. Kf1 Rxd8 55. Kxg1 Ke3 56. Ra3+ Ke2 57.
Ra2+ Rd2 58. Ra4 e3 59. Ra8 Ke1 60. Ra1+ Rd1 61. Ra2 e2 62. Kg2 Rc1 63. Kf3 Rc3+ 64. Kg2 Kd1 65. Ra1+ Rc1 66. Rxc1+ Kxc1 67. Kf2 Kd1 0-1



[ePGN "0.1;DGT LiveChess/2.2.6"]

[Event "MČR juniorů a juniorek v rapid šachu 2024"]
[Site "Hotel Fit Fun, Harrachov, Czech Republic"]
[Date "2024.09.21"]
[Round "4.12"]
[White "Hozda Max"]
[Black "Stary Simon"]
[Result "1-0"]
[TimeControl "20+5"]
[WhiteFideId "23725958"]
[BlackFideId "23734353"]
[WhiteElo "1939"]
[BlackElo "1866"]

1. d4 Nf6 2. Nc3 d5 3. Bf4 Bf5 4.
e3 e6 5.
Nf3 Nbd7 6. Bd3 Bxd3 7. cxd3 c5 8. dxc5 Bxc5 9. d4 Bb4 10. Qb3 Bxc3+ 11. bxc3 Qb6 12. O-O O-O 13. c4 dxc4 14.
Qxc4 Rac8 15. Qa4 Qc6 16. Qa3 a6 17. Rfc1 Qd5 18. h3 Rfd8 19. Bc7 Re8 20. Rab1 Ne4 21. Bf4 Nf8 22. Rb3 Rxc1+ 23. Qxc1 Ng6 24. Bh2 Qd7 25. Rb2 Rc8 26. Rc2 Rxc2 27. Qxc2 Nf6 28. Nd2 Ne7 29. Nb3 Ned5 30. a3 h6 31.
e4 Ne7 32. Be5 Nh7 33. Qc7 Qxc7 34. Bxc7 Nf6 35. f3 Nc6 36. Kf2 Ne8 37. Bg3 b6 38. d5 exd5 39. exd5 Nd8 40. d6 f5 41.
d7 Nf6 42. Bc7 Nxd7 43. Bxd8 Kf7 44.
Ke3 b5 45. Kd4 Ke6 46. Nc5+ Nxc5 47. Kxc5 Kd7 48. Ba5 1-0



[ePGN "0.1;DGT LiveChess/2.2.6"]

[Event "MČR juniorů a juniorek v rapid šachu 2024"]
[Site "Hotel Fit Fun, Harrachov, Czech Republic"]
[Date "2024.09.21"]
[Round "4.13"]
[White "Stastna Martina"]
[Black "Rybackova Lucie"]
[Result "0-1"]
[TimeControl "20+5"]
[WhiteFideId "385123"]
[BlackFideId "23739207"]
[WhiteElo "1801"]
[BlackElo "1933"]

1. e4 c6 2. d4 d5 3. exd5 cxd5 4. Bd3 Nc6 5. c3 g6 6. Nf3 Bg7 7. Nbd2 Nf6 8. h3 O-O 9. O-O Bf5 10.
Bxf5 gxf5 11. Ne5 e6 12. Ndf3 Ne4 13. Bf4 Ne7 14. Qc1 f6 15. Nd3 Kh8 16. Nd2 Ng6 17. Nxe4 fxe4 18. Nc5 Qe7 19.
f3 b6 20. Nb3 Rg8 21. fxe4 dxe4 22. Qe3 f5 23. Kh1 Bf6 24. Nd2 Nxf4 25. Qxf4 Qg7 26. Qh2 Bg5 27. Nc4 Raf8 28. Rae1 Bh4 29.
Re2 Bg3 30. Qg1 Qg6 31. Ne5 Bxe5 32.
dxe5 f4 33. Qd4 f3 34. gxf3 exf3 35. Rg1 Qxg1+ 36. Qxg1 Rxg1+ 0-1



[ePGN "0.1;DGT LiveChess/2.2.6"]

[Event "MČR juniorů a juniorek v rapid šachu 2024"]
[Site "Hotel Fit Fun, Harrachov, Czech Republic"]
[Date "2024.09.21"]
[Round "4.14"]
[White "Vyslysel Petr"]
[Black "Sichrovsky Tomas"]
[Result "0-1"]
[TimeControl "20+5"]
[WhiteFideId "23730277"]
[BlackFideId "23704730"]
[WhiteElo "1678"]
[BlackElo "1928"]

1. d4 Nf6 2. c4 c5 3. d5 b5 4.
cxb5 a6 5. e3 g6 6. bxa6 Bg7 7.
Nc3 O-O 8. Nf3 Qa5 9. Bd2 Bxa6 10.
Bxa6 Qxa6 11. Qe2 d6 12. Qxa6 Nxa6 13. O-O Rfb8 14. Rfb1 Nb4 15. Ne1 Nfxd5 16. a3 Nxc3 17. Bxc3 Bxc3 18. bxc3 Nc6 19. Kf1 Rxb1 20. Rxb1 Rxa3 21.
Rb7 Kf8 22. c4 Rc3 23. Rc7 Ne5 24.
Rc8+ Kg7 25. Ke2 Rxc4 26. f4 Ng4 27.
h3 Nf6 28. Kd3 Ra4 29. Rc7 Nd5 30. Rd7 Ra3+ 31. Kd2 Rxe3 32. Nf3 Re4 0-1



[ePGN "0.1;DGT LiveChess/2.2.6"]

[Event "MČR juniorů a juniorek v rapid šachu 2024"]
[Site "Hotel Fit Fun, Harrachov, Czech Republic"]
[Date "2024.09.21"]
[Round "4.15"]
[White "Stejskal Michal"]
[Black "Housa Vojtech"]
[Result "0-1"]
[TimeControl "20+5"]
[WhiteFideId "398195"]
[BlackFideId "23736364"]
[WhiteElo "1926"]
[BlackElo "1691"]

1. d4 Nf6 2. Nf3 g6 3.
Nbd2 Bg7 4. e4 d6 5. Bd3 O-O 6.
c3 Nfd7 7. O-O e5 8. d5 f5 9. Re1 Nf6 10. c4 f4 11. b4 h6 12. c5 g5 13. Nc4 g4 14. Nfd2 g3 15. hxg3 fxg3 16.
f3 Ng4 17. fxg4 Qh4 18. Nf3 Rxf3 19. Qxf3 Bxg4 20. Qe3 Nd7 21. Nd2 Qh2+ 22. Kf1 Rf8+ 23. Nf3 Rxf3+ 24. Qxf3 Bxf3 0-1



[ePGN "0.1;DGT LiveChess/2.2.6"]

[Event "MČR juniorů a juniorek v rapid šachu 2024"]
[Site "Hotel Fit Fun, Harrachov, Czech Republic"]
[Date "2024.09.21"]
[Round "4.16"]
[White "Rybacek Martin"]
[Black "Bartak Josef"]
[Result "0-1"]
[TimeControl "20+5"]
[WhiteFideId "23739266"]
[BlackFideId "23712252"]
[WhiteElo "1831"]
[BlackElo "1902"]

1. Nf3 Nf6 2. g3 d5 3.
Bg2 g6 4. O-O Bg7 5. c4 c6 6. cxd5 cxd5 7.
d4 O-O 8. Ne5 Nc6 9. Nxc6 bxc6 10. Nc3 Re8 11.
Bf4 Nh5 12. Be3 Rb8 13. b3 Ba6 14. Bf3 c5 15. Nxd5 e6 16. Nf4 Nxf4 17. Bxf4 Rc8 18. Be5 f6 19. Bf4 cxd4 20. Re1 e5 21. Bc1 e4 22. Bg2 d3 23. exd3 f5 24.
d4 Bxd4 25. Be3 Bxa1 26. Qxa1 Rc7 27. f3 exf3 28. Bxf3 Qd3 29. Bf4 Rxe1+ 30. Qxe1 Re7 31. Qd1 Qxd1+ 32. Bxd1 Re1+ 0-1



[ePGN "0.1;DGT LiveChess/2.2.6"]

[Event "MČR juniorů a juniorek v rapid šachu 2024"]
[Site "Hotel Fit Fun, Harrachov, Czech Republic"]
[Date "2024.09.21"]
[Round "4.17"]
[White "Pejrimovsky Tadeas Rubel"]
[Black "Nespurek Jakub"]
[Result "0-1"]
[TimeControl "20+5"]
[WhiteFideId "23709537"]
[BlackFideId "391816"]
[WhiteElo "1895"]
[BlackElo "1817"]

1. e4 g6 2. d4 d6 3. g3 Bg7 4.
Bg2 Nd7 5. Ne2 c5 6. O-O cxd4 7. Nxd4 Ngf6 8. Nc3 O-O 9. h3 Nc5 10. Be3 Ne6 11. Qd2 Re8 12. Rad1 Bd7 13. Kh2 Nxd4 14.
Bxd4 Bc6 15. Be3 Qa5 16. Bh6 Bh8 17. a3 Qh5 18. Bf3 Qxf3 19. Rde1 Qh5 20. Kg2 d5 21. exd5 Nxd5 22. Nxd5 Qxd5+ 23. Qxd5 Bxd5+ 24. Kh2 Bxb2 25. Rd1 Bc6 26. Rfe1 Bxa3 27. Re3 Bd6 28. Red3 a5 29. Be3 Be4 30. R3d2 a4 31. Bd4 a3 32. c3 Bf3 33. Rb1 Rad8 34. Bb6 Bxg3+ 35. fxg3 Rxd2+ 36. Kg1 a2 37. Ra1 Rb2 0-1



[ePGN "0.1;DGT LiveChess/2.2.6"]

[Event "MČR juniorů a juniorek v rapid šachu 2024"]
[Site "Hotel Fit Fun, Harrachov, Czech Republic"]
[Date "2024.09.21"]
[Round "4.18"]
[White "Sadil Antonin"]
[Black "Stocek Martin"]
[Result "1/2-1/2"]
[TimeControl "20+5"]
[WhiteFideId "23735597"]
[BlackFideId "380121"]
[WhiteElo "1784"]
[BlackElo "2021"]

1. e4 c6 2. d4 d5 3.
exd5 cxd5 4. Bd3 Nc6 5. c3 Nf6 6. h3 e5 7. dxe5 Nxe5 8. Nf3 Nxd3+ 9. Qxd3 Bd6 10. O-O O-O 11. Be3 Be6 12. Nd4 Rc8 13. Nb5 a6 14.
Nxd6 Qxd6 15. Nd2 Rfd8 16. Bd4 Qf4 17.
Rfe1 Bf5 18. Qe3 Qxe3 19. Rxe3 Be6 20. Bxf6 gxf6 21. Nf3 Kf8 22. Nd4 Bd7 23. Rf3 Kg7 24. Re1 Re8 25. Rfe3 Kf8 26.
Kf1 Rxe3 27. Rxe3 Re8 28. Rxe8+ Kxe8 29. Ke2 Ke7 30. Ke3 Kd6 31. b4 Ke5 32. g4 b6 33. Nf3+ Kd6 34. Kd4 Bb5 35. Nd2 Be2 36. Ke3 Bd1 37.
Kd4 Bc2 38. Nf1 Be4 39. Ne3 b5 40. f4 Kc6 41. h4 Bf3 42. g5 fxg5 43. hxg5 Kd6 44. Nf5+ Ke6 45. Nh4 Be4 46. Kc5 Kd7 47.
Kb6 Kd6 48. Kxa6 Kc6 49. Ka5 Bb1 50. a4 bxa4 51. Kxa4 Kb6 52. Kb3 Be4 53. c4 1/2-1/2



[ePGN "0.1;DGT LiveChess/2.2.6"]

[Event "MČR juniorů a juniorek v rapid šachu 2024"]
[Site "Hotel Fit Fun, Harrachov, Czech Republic"]
[Date "2024.09.21"]
[Round "4.19"]
[White "Pressler Tobias"]
[Black "Dorazilova Kristyna"]
[Result "1-0"]
[TimeControl "20+5"]
[WhiteFideId "23715359"]
[BlackFideId "23739142"]
[WhiteElo "1992"]
[BlackElo "1771"]

1. e4 d6 2. d4 Nf6 3.
Nc3 Nbd7 4. f4 e5 5. fxe5 dxe5 6. Nf3 exd4 7. Nxd4 Bc5 8.
Be3 O-O 9. Qd2 Re8 10. O-O-O c6 11. Kb1 Qc7 12. Bd3 Ne5 13. h3 Nxd3 14. cxd3 Qe5 15. Nf3 Bxe3 16. Qxe3 Qe7 17. g4 Nd5 18.
Nxd5 cxd5 19. e5 f6 20. d4 Qf7 21.
Ka1 Qc7 22. Rc1 Qb6 23. Rc5 Be6 24.
exf6 Bf7 25. Qc1 Qxf6 26. Rf1 Qa6 27. Ne5 Be6 28. a3 Rf8 29. Re1 Rac8 30. Rxc8 Rxc8 31. Qg5 Qb6 32. Qe7 Rf8 33. Rc1 Rf2 34. Nd3 Rf7 35.
Qe8+ Rf8 36. Qe7 Rf7 37.
Qe8+ Rf8 38. Qa4 a6 39. Nc5 Bf7 40. Nd7 Qh6 41. Rf1 Qxh3 42.
Qd1 Rd8 43. Ne5 Be6 44. Rh1 Qg3 45. Qc2 h6 46. Qg6 Bc8 47. Qf7+ Kh7 48. Rxh6+ Kxh6 49. Qg6# 1-0



[ePGN "0.1;DGT LiveChess/2.2.6"]

[Event "MČR juniorů a juniorek v rapid šachu 2024"]
[Site "Hotel Fit Fun, Harrachov, Czech Republic"]
[Date "2024.09.21"]
[Round "4.2"]
[White "Markina Sofiia"]
[Black "Steinbauer Sebastian"]
[Result "1-0"]
[TimeControl "20+5"]
[WhiteFideId "23744014"]
[BlackFideId "399272"]
[WhiteElo "1885"]
[BlackElo "2062"]

1. e4 e5 2. Nf3 Nc6 3. Bc4 Nf6 4. d3 Bc5 5. c3 d6 6.
O-O h6 7. Nbd2 O-O 8. Bb3 Be6 9. h3 Qd7 10. Re1 Rfe8 11. Nf1 Bxb3 12. Qxb3 Bb6 13. Ng3 d5 14. Nh4 dxe4 15. dxe4 Qd3 16. Be3 Rad8 17. Bxb6 axb6 18. Rad1 Qa6 19. Ngf5 Rxd1 20. Qxd1 Qxa2 21. Qf3 Nd8 22. Nxh6+ Kf8 23. Rd1 Qxb2 24. Kh2 Qb5 25. g4 Ne6 26. Rd5 Qc6 27. Qf5 gxh6 28. Qxf6 Kg8 29.
Nf5 Rf8 30. Ne7+ 1-0



[ePGN "0.1;DGT LiveChess/2.2.6"]

[Event "MČR juniorů a juniorek v rapid šachu 2024"]
[Site "Hotel Fit Fun, Harrachov, Czech Republic"]
[Date "2024.09.21"]
[Round "4.20"]
[White "Garabik Marek"]
[Black "Hudik Martin"]
[Result "1-0"]
[TimeControl "20+5"]
[WhiteFideId "23717742"]
[BlackFideId "23769947"]
[WhiteElo "1933"]
[BlackElo "1572"]

1. e4 c5 2. Nc3 Nc6 3. f4 d6 4. Nf3 Nf6 5. Bb5 e6 6. Bxc6+ bxc6 7. d3 Be7 8.
O-O O-O 9. h3 Nd7 10. Qe2 d5 11. e5 f6 12.
b3 Re8 13. Na4 Ba6 14. c4 d4 15. Ba3 Qa5 16. Rae1 Nb6 17. Qd2 Qxd2 18. Nxd2 Nxa4 19. bxa4 f5 20. Nb3 Rad8 21. Bxc5 Bxc5 22. Nxc5 Bc8 23. Rb1 Re7 24. Rf2 Rf8 25.
Rfb2 h6 26. Kf2 g5 27. g3 Kg7 28. h4 g4 29. Rb8 h5 30. a5 Kg8 31. Ke2 Kg7 32. Kd2 Kg8 33. Ra8 Kg7 34. Rbb8 Ree8 35.
Rxa7+ Rf7 36. Raa8 Rff8 37. Nxe6+ 1-0



[ePGN "0.1;DGT LiveChess/2.2.6"]

[Event "MČR juniorů a juniorek v rapid šachu 2024"]
[Site "Hotel Fit Fun, Harrachov, Czech Republic"]
[Date "2024.09.21"]
[Round "4.21"]
[White "Nespora Tatana"]
[Black "Sulcova Tereza Radmila"]
[Result "0-1"]
[TimeControl "20+5"]
[WhiteFideId "392286"]
[BlackFideId "395196"]
[WhiteElo "1697"]
[BlackElo "1800"]

1. e4 g6 2. d4 Nf6 3.
Nc3 d5 4. e5 Nh5 5. Be3 c6 6. Qd2 Ng7 7. Bd3 Bf5 8. O-O-O h5 9. h3 Qa5 10. Kb1 Bxd3 11. Qxd3 b5 12.
Nf3 Na6 13. Ng5 Nc7 14. g4 Rb8 15. f4 e6 16. Rhf1 Rb6 17. f5 gxf5 18. gxf5 Ra6 19. fxe6 b4 20. exf7+ Kd8 21. Ne2 Qxa2+ 22. Kc1 Qa1+ 23. Kd2 Qxb2 24. Rb1 Qa3 25. Qxa3 Rxa3 26. Nf4 Rh6 27. Ra1 Nb5 28. Bf2 h4 29. Rae1 Nc7 30. e6 Nf5 31. Ng2 Rh5 32. Bxh4 Nxh4 33.
e7+ Bxe7 34. Rxe7 Ng6 35. Re6 Nf8 36. Re5 Rg3 37. Ne6+ Ncxe6 38. Rxh5 Rxg2+ 39. Kd3 Rg3+ 40. Kd2 Ke7 41. h4 Rg4 42. Kd3 Rxd4+ 43. Ke3 Re4+ 44. Kd3 Nf4+ 45. Kd2 Nxh5 46. Ra1 Kxf7 47. Rxa7+ Ke6 48. Ra6 Kd6 49. Kd3 Rxh4 50. Ra4 Ne6 51. c3 Rh3+ 52.
Kd2 bxc3+ 0-1



[ePGN "0.1;DGT LiveChess/2.2.6"]